 Dungeon Crawl Stone Soup version 0.23.2-40-g277498a001 (webtiles) character file.

Game seed: 4425741976402698654

212 Marnok the Poker (level 5, -4/46 HPs)
             Began as a Demonspawn Chaos Knight on Oct 12, 2019.
             Was a Plaything of Xom.
             Slain by an orc
             ... wielding a +2 flail of holy wrath
              (10 damage)
             ... on level 4 of the Dungeon.
             The game lasted 00:08:43 (2605 turns).

Marnok the Poker (Demonspawn Chaos Knight)          Turns: 2605, Time: 00:08:43

Health: -4/46      AC: 10    Str: 14    XL:     5   Next: 58%
Magic:  5/5        EV: 11    Int: 13    God:    Xom [....*.]
Gold:   153        SH:  0    Dex: 12    Spells: 4/4 levels left

rFire    . . .     SeeInvis .   a - +0 spear (chaos)
rCold    . . .     Gourm    .   (no shield)
rNeg     . . .     Faith    .   i - +2 leather armour {MR+}
rPois    .         Spirit   .   (no helmet)
rElec    .         Reflect  .   q - +2 cloak
rCorr    .         Harm     .   (no gloves)
MR       +....     Clarity  +   (no boots)
Stlth    ++........             (no amulet)
HPRegen  0.15/turn              (no ring)
MPRegen  0.09/turn              (no ring)

@: no status effects
A: talons 2, thin metallic scales 1, clarity, powered by death 1, robust 1,
spiny 1
a: Renounce Religion


You were on level 4 of the Dungeon.
You worshipped Xom.
You were a beloved toy of Xom.
You were not hungry.

You visited 1 branch of the dungeon, and saw 5 of its levels.

You collected 153 gold pieces.

Inventory:

Hand Weapons
 a - a +0 spear of chaos (weapon)
 h - a +0 hunting sling of freezing
Armour
 i - a +2 leather armour of magic resistance (worn)
 q - a +2 cloak (worn)
Scrolls
 e - a scroll of enchant armour {unknown}
 k - a scroll of immolation {unknown}
 l - a scroll of remove curse {unknown}
 m - a scroll of fog {unknown}
 n - a scroll of random uselessness {unknown}
 o - 3 scrolls of teleportation {unknown}
 r - a scroll of enchant weapon {unknown}
 t - a scroll of fear {unknown}
Potions
 f - 3 potions of agility
 g - 2 potions of might
 j - a potion of curing {unknown}
 p - 2 potions of ambrosia
 s - 2 potions of resistance
Comestibles
 c - 5 rations
 u - 2 chunks of flesh


   Skills:
 + Level 3.9 Fighting
 + Level 4.3 Polearms
 + Level 2.4 Armour
 + Level 1.5 Dodging
 + Level 1.6 Stealth


You had 4 spell levels left.
You didn't know any spells.
Your spell library was empty.

Dungeon Overview and Level Annotations

Branches:
Dungeon (5/15)
 Temple: D:4-7

Altars:

Shops:
D:4 }


Innate Abilities, Weirdness & Mutations

You are partially covered in thin metallic scales. (AC +2)
You regenerate a little health from kills.
You are partially covered in sharp spines.
You have razor-sharp toenails.
You possess an exceptional clarity of mind.
You are robust. (+10% HP)


Message History

You kill the orc!
The orc wizard casts a spell.
The orc wizard blinks!
The orc wizard casts a spell.
The orc wizard blinks!
You barely miss the ogre.
The orc wizard mumbles some strange words.
The orc wizard blinks!
The ogre hits you with a +0 giant club!!
You hit the ogre. You burn the ogre.
The ogre is moderately wounded.
You hit the ogre but do no damage. You claw the ogre.
The ogre is moderately wounded.
The ogre hits you with a +0 giant club. The orc closely misses you.
You hit the ogre.
The ogre flickers and vanishes!
Deactivating autopickup; reactivate with Ctrl-A.
Something hits you!
* * * LOW HITPOINT WARNING * * *
The orc hits you with a +2 flail of holy wrath!
You die...

#####....#.
.#....
....#.
#.#...
####.##.#..
#.........
#......§.#
#...§....###
#..(..)....#
#........#o#
#..#+#...#@#
# +∩'.>.{.#
#..#+#÷..###
#........##
######.(..##
#.....#
#.....#
###.....#
#<......#


You could see an orc.

Vanquished Creatures
  2 orc priests (D:3)
  6 adders
  A worm (D:2)
  4 dart slugs
  A leopard gecko (D:3)
  3 orcs
  5 bats
  6 giant cockroaches
  6 goblins
  11 hobgoblins
  7 jackals (D:1)
  6 kobolds
  2 quokkas (D:3)
  6 frilled lizards
  9 rats
75 creatures vanquished.

Vanquished Creatures (collateral kills)
  5 orcs (D:3)
  A giant cockroach (D:3)
6 creatures vanquished.

Grand Total: 81 creatures vanquished

Notes
Turn   | Place    | Note
-------+----------+-------------------------------------------
     0 | D:1      | Marnok the Demonspawn Chaos Knight began the quest for the
                  | Orb.
     0 | D:1      | Reached XP level 1. HP: 18/18 MP: 1/1
   145 | D:1      | Gained mutation: You are partially covered in sharp spines.
                  | [demonic ancestry]
   145 | D:1      | Reached XP level 2. HP: 23/24 MP: 2/2
   196 | D:1      | Reached skill level 1 in Dodging
   203 | D:1      | Reached skill level 3 in Polearms
   569 | D:1      | Gained mutation: You regenerate a little health from kills.
                  | [demonic ancestry]
   569 | D:1      | Reached XP level 3. HP: 27/29 MP: 3/3
  1152 | D:2      | XOM: noise
  1161 | D:2      | XOM: medium Summ miscast
  1162 | D:2      | Noticed a spatial vortex
  1162 | D:2      | Noticed a spatial vortex
  1162 | D:2      | Noticed a spatial vortex
  1213 | D:2      | XOM: noise
  1388 | D:2      | XOM: butterfly on damage
  1567 | D:2      | Reached XP level 4. HP: 33/37 MP: 4/4
  1675 | D:2      | XOM: harmless Ice miscast
  1972 | D:3      | Reached skill level 4 in Polearms
  1972 | D:3      | Reached skill level 1 in Stealth
  1972 | D:3      | Gained mutation: You are partially covered in thin metallic
                  | scales. (AC +2) [demonic ancestry]
  1972 | D:3      | Reached XP level 5. HP: 41/42 MP: 5/5
  1972 | D:3      | XOM: give mutations
  1972 | D:3      | Gained mutation: You are robust. (+10% HP) [Xom's grace]
  1972 | D:3      | Gained mutation: You have sharp toenails. [Xom's grace]
  1972 | D:3      | Gained mutation: You possess an exceptional clarity of
                  | mind. [Xom's grace]
  1972 | D:3      | Gained mutation: You have razor-sharp toenails. [Xom's
                  | grace]
  2164 | D:4      | Noticed an ogre
  2564 | D:4      | XOM: silly message
  2577 | D:5      | Entered Level 5 of the Dungeon
  2591 | D:4      | Found Viurabb's Gadget Boutique.
  2605 | D:4      | Slain by an orc

Skill      XL: |  1  2  3  4 |
---------------+-------------+-----
Dodging        | 1 |  1.5
Polearms       | 3 4 |  4.3
Armour         | 2 |  2.4
Stealth        | 1 |  1.6
Fighting       | |  3.9

Action                   |  1- 3 |  4- 6 || total
-------------------------+-------+-------++-------
Melee: Spear             |   106 |    75 ||   181
       Kick              |       |     9 ||     9
  Use: Scroll            |       |     4 ||     4
 Stab: Sleeping          |     1 |     3 ||     4
       Paralysed         |     1 |     4 ||     5
       Confused          |     1 |       ||     1
  Eat: Chunk             |     1 |     4 ||     5
Armor: Leather armour    |    32 |    21 ||    53
Dodge: Dodged            |    44 |    34 ||    78
